 Dungeon Crawl Stone Soup version 0.30-a0-1161-g0704695555 (webtiles) character file.

Game seed: 14593840230774286864

899 olmar the Shield-Bearer (level 8, -1/48 HPs)
             Began as a Gargoyle Fighter on Apr 27, 2023.
             Was a Believer of Okawaru.
             Slain by an orc
             ... wielding the +10 short sword "Giantbane" {heavy, *Rage +Blink Dex+2}
              (12 damage)
             ... on level 5 of the Dungeon.
             The game lasted 00:06:17 (3618 turns).

olmar the Shield-Bearer (Gargoyle Fighter)          Turns: 3618, Time: 00:06:18

Health: -1/48      AC: 14    Str: 26    XL:     8   Next: 7%
Magic:  8/8        EV: 10    Int: 11    God:    Okawaru [**....]
Gold:   199        SH:  0    Dex:  7    Spells: 7/7 levels left

rFire   . . .        a - +0 flail
rCold   x . .        c - +1 buckler
rNeg    + + .        b - +0 scale mail
rPois   ∞            (no helmet)
rElec   +            (no cloak)
rCorr   .            (no gloves)
SInv    +            (no boots)
Will    .....        w - amulet of Ru's Generosity {Reflect rC- rN+ SH+5 SInv} Stlth
                     (no ring)
HPRegen 0.28/turn    (no ring)
MPRegen 0.11/turn

%: reflection
@: confused, ambrosia-drunk
A: sickness immunity, AC +5, negative energy resistance 1, electricity
resistance, torment resistance 1, petrification resistance, iridescent scales 1,
clever 1, strong 1
a: Renounce Religion, Heroism


You were on level 5 of the Dungeon.
You worshipped Okawaru.
Okawaru was pleased with you.
You visited 1 branch of the dungeon, and saw 5 of its levels.
You also visited: Sewer.

You collected 199 gold pieces.

Inventory:

Hand Weapons
 a - a +0 flail (weapon)
Missiles
 s - 28 poisoned darts (quivered)
Armour
 b - a +0 scale mail (worn)
 c - a +1 buckler (worn)
 j - a +2 leather armour of poison resistance
Jewellery
 m - an amulet of reflection
 w - the amulet of Ru's Generosity (around neck) {Reflect rC- rN+ SH+5 SInv}
   (You found it on level 3 of the Dungeon)

   [amulet of reflection]

   It reflects blocked missile attacks.
   rC:        It makes you vulnerable to cold.
   rN:        It protects you from negative energy.
   SInv:      It lets you see invisible.
   SH:        It affects your SH (+5).
 B - a ring of flight
Scrolls
 d - 2 scrolls of fog {unknown}
 g - a scroll of fear {unknown}
 h - a scroll of butterflies {unknown}
 i - a scroll of enchant weapon {unknown}
 k - a scroll of poison {unknown}
 l - 2 scrolls of immolation {unknown}
 n - 3 scrolls of vulnerability
 o - 3 scrolls of identify {unknown}
 v - 3 scrolls of amnesia {unknown}
 x - 3 scrolls of magic mapping
 y - 3 scrolls of teleportation
Potions
 e - a potion of invisibility
 q - a potion of flight {unknown}
 r - a potion of attraction {unknown}
 t - a potion of brilliance {unknown}
 u - a potion of heal wounds {unknown}
 z - a potion of haste {unknown}
 A - a potion of resistance {unknown}


   Skills:
 + Level 4.6 Fighting
 + Level 5.5 Maces & Flails
 + Level 0.3 Throwing
 + Level 5.0 Armour
 + Level 2.0 Dodging
 + Level 1.4 Stealth
 + Level 5.6 Shields
 + Level 0.1 Invocations


You had 7 spell levels left.
You didn't know any spells.
Your spell library contained the following spells:

 Spells                   Type           Power      Damage    Failure   Level
 Portal Projectile        Hex/Tloc       0%         N/A       95%         3
 Leda's Liquefaction      Hex/Erth       0%         N/A       100%        4
 Summon Small Mammal      Summ           Unusable   N/A       N/A         1
 Call Canine Familiar     Summ           Unusable   N/A       N/A         3
 Summon Guardian Golem    Hex/Summ       Unusable   N/A       N/A         3

Dungeon Overview and Level Annotations

Branches:
Dungeon (5/15)              Sewer (visited)
 Temple: D:4-7

Altars:
Okawaru

Annotations:
D:5 2 transporters, LobsterGuardian's ghost, weakling GnDe


Innate Abilities, Weirdness & Mutations

You are immune to sickness and miasma.
Your stone body is resilient. (AC +5)
You are immune to poison.
You resist negative energy. (rN+)
You are resistant to electric shocks. (rElec)
You are resistant to unholy torment.
You are immune to petrification.
You are partially covered in iridescent scales. (AC +2)
Your mind is acute. (Int +4, Str/Dex -1)
Your muscles are strong. (Str +4, Int/Dex -1)


Message History

Unknown command.
You barely miss the orc priest.
The orc priest is heavily wounded.
The orc priest calls down the wrath of Beogh upon you.
You struggle to resist.
Unknown command.
You barely miss the orc priest.
The orc priest is heavily wounded.
The orc priest misses you.
The orc priest hits you but does no damage.
Unknown command.
You barely miss the orc priest.
The orc priest is heavily wounded.
The orc priest barely misses you.
Unknown command.
You thump the orc priest!
You kill the orc priest!
Okawaru accepts your kill.
Unknown command.
You hit the orc.
The orc is moderately wounded.
The orc goes berserk!
You block the orc's attack.
Unknown command.
You hit the orc but do no damage.
The orc is moderately wounded.
The orc hits you with the +10 short sword "Giantbane" {heavy, *Rage +Blink Dex+2}.
You closely miss the orc.
The orc is moderately wounded.
The orc hits you with the +10 short sword "Giantbane" {heavy, *Rage +Blink Dex+2}!
* * * LOW HITPOINT WARNING * * *
Unknown command.
It was a potion of mutation.
You feel extremely strange.
You feel stronger.
You feel clever.
Iridescent scales grow over part of your body.
The orc barely misses you.
It was a potion of ambrosia.
You are confused.
You feel invigorated.
The orc hits you with the +10 short sword "Giantbane" {heavy, *Rage +Blink Dex+2}!
You die...

###...# ###..##.#
############..####.#
.#.......#..#####..#
.'..⌠8⌠..'.##.....##
.#.......#..####...#
############..###.## .
##.####...###..####....
#....##.....###@oo.#
##...#...##..####......
##....#...#.....#
......
#..........#....#.#
.#.#
..###.....##....... # .
#...##.............
##.................
...................
....##....[........


You could see 2 orcs.

Vanquished Creatures
  A water moccasin (D:5)
  Pargi (Sewer)
  An ice beast (D:5)
  A black bear (D:4)
  A phantom (D:5)
  2 scorpions (D:4)
  A hound (D:4)
  An orc priest (D:5)
  A sleepcap (D:5)
  An orc wizard (D:4)
  8 adders
  3 gnolls (D:5)
  2 river rats (D:3)
  A shadow imp (D:5)
  An ufetubus (D:4)
  4 worms (D:3)
  4 dart slugs
  7 orcs
  3 endoplasms
  A giant cockroach (D:1)
  3 goblins (D:2)
  8 hobgoblins
  5 jackals (D:2)
  3 quokkas
  3 ball pythons
  3 bats
  2 frilled lizards
  6 kobolds
  7 rats
85 creatures vanquished.

Notes
Turn   | Place    | Note
-------+----------+-------------------------------------------
     0 | D:1      | olmar the Gargoyle Fighter began the quest for the Orb.
     0 | D:1      | Reached XP level 1. HP: 14/14 MP: 1/1
   148 | D:1      | Reached XP level 2. HP: 19/19 MP: 2/2
   811 | D:2      | Found an iron altar of Okawaru.
   822 | D:2      | Became a worshipper of Warmaster Okawaru
   844 | D:2      | Reached XP level 3. HP: 23/23 MP: 3/3
  1284 | D:2      | Reached XP level 4. HP: 28/29 MP: 4/4
  1689 | D:3      | Identified the amulet of Ru's Generosity {Reflect rC- rN+
                  | SH+5 SInv}
  1836 | D:3      | Reached XP level 5. HP: 33/33 MP: 5/5
  1866 | D:3      | Reached * piety under Okawaru
  1921 | D:3      | Found a glowing drain.
  1925 | Sewer    | Entered a sewer
  1974 | Sewer    | Noticed Pargi
  1985 | Sewer    | Killed Pargi
  1986 | Sewer    | Reached skill level 1 in Dodging
  1986 | Sewer    | Reached XP level 6. HP: 34/38 MP: 6/6
  2748 | D:4      | Noticed a black bear
  2757 | D:4      | Killed a black bear
  2758 | D:4      | Reached skill level 5 in Shields
  2758 | D:4      | Reached XP level 7. HP: 31/43 MP: 7/7
  3214 | D:5      | Entered Level 5 of the Dungeon
  3248 | D:5      | Found a transporter.
  3248 | D:5      | Found a transporter.
  3248 | D:5      | Noticed LobsterGuardian's ghost (weakling GnDe)
  3252 | D:5      | Reached skill level 5 in Maces & Flails
  3313 | D:5      | Reached skill level 5 in Armour
  3321 | D:5      | Reached ** piety under Okawaru
  3322 | D:5      | Reached skill level 1 in Stealth
  3322 | D:5      | Reached XP level 8. HP: 15/48 MP: 6/8
  3599 | D:5      | Identified the +10 short sword "Giantbane" {heavy, *Rage
                  | +Blink Dex+2}
  3617 | D:5      | Gained mutation: Your muscles are strong. (Str +4, Int/Dex
                  | -1) [potion of mutation]
  3617 | D:5      | Gained mutation: Your mind is acute. (Int +4, Str/Dex -1)
                  | [potion of mutation]
  3617 | D:5      | Gained mutation: You are partially covered in iridescent
                  | scales. (AC +2) [potion of mutation]
  3618 | D:5      | Slain by an orc

Illustrated notes

Levels and vault maps discovered:
D:1:      evilmike_arrival_come_back, layout_basic, palyth_stone_intersect
D:2:      minmay_razor_zed, layout_rooms, basic_altar
D:3:      layout_basic, lightli_sewer_entry_pipes, kennysheep_small_spiral
D:4:      layout_loops_ring, minmay_misc_feat_plants, st_stairs_11
D:5:      layout_cave_pools, tso_oasis_becter, gammafunk_ghost_mausoleum,
          grunt_decor_clamped

Skill      XL: |  1  2  3  4  5  6  7  8 |
---------------+-------------------------+-----
Shields        | 4 5 |  5.6
Armour         | 4 5 |  5.0
Fighting       | 4 |  4.6
Maces & Flails | 3 4 5 |  5.5
Dodging        | 1 2 |  2.0
Stealth        | 1 |  1.4
Throwing       | |  0.3
Invocations    | |  0.1

Action                     |  1- 3 |  4- 6 |  7- 9 || total
---------------------------+-------+-------+-------++-------
  Melee: Flail             |    63 |   206 |   104 ||   373
  Throw: Dart              |       |     4 |     1 ||     5
 Invoke: Heroism           |       |     1 |     2 ||     3
    Use: Scroll            |       |     4 |       ||     4
         Potion            |       |     1 |     5 ||     6
   Stab: Invisible         |       |       |     6 ||     6
 Armour: Scale mail        |    35 |   109 |    39 ||   183
  Dodge: Dodged            |    36 |    85 |    69 ||   190
  Block: Buckler           |    15 |    98 |    75 ||   188
         Reflection        |       |     1 |       ||     1

Table legend: (Time is in decaauts)
 A = Elapsed time spent in this place.
 B = Non-inter-level travel time spent in this place.
 C = Inter-level travel time spent in this place.
 D = Time resting spent in this place.
 E = Time spent auto-exploring this place.
 F = Levels seen in this place.
 G = Mean time per level.
                   A        B        C        D        E       F      G
               +--------+--------+--------+--------+--------+-----+--------+
         Total |   3755 |   3606 |    149 |    121 |   2482 |   6 |  625.8 |
       Dungeon |   3590 |   3441 |    149 |    121 |   2374 |   5 |  718.0 |
         Sewer |    165 |    165 |      0 |      0 |    107 |   1 |  165.0 |
               +--------+--------+--------+--------+--------+-----+--------+

Top non-repeatable levels by time:
     D:3: 870 daAuts
     D:1: 786 daAuts
     D:2: 771 daAuts
     D:4: 749 daAuts
     D:5: 412 daAuts
   Sewer: 165 daAuts
